 Dungeon Crawl Stone Soup version 0.30.1-11-g7821555f0a (webtiles) character file.

Game seed: 1209563370161928282

66420 caec the Grappler (level 14, -21/96 HPs)
             Began as a Red Draconian Transmuter on Dec 21, 2023.
             Was a High Priest of Hepliaklqana.
             Demolished by a very large slime creature (49 damage)
             ... on level 12 of the Dungeon on Dec 31, 2023.
             The game lasted 01:50:13 (24470 turns).

caec the Grappler (Red Draconian Transmuter)       Turns: 24470, Time: 01:50:15

Health: -21/96     AC: 12    Str: 15    XL:     14   Next: 79%
Magic:  26/31      EV: 15    Int: 15    God:    Hepliaklqana [*****.]
Gold:   1254       SH:  0    Dex: 13    Spells: 28/39 levels left

rFire   + .          .
                       - Unarmed
rCold   + . .        (shield currently unavailable)
rNeg    . . .        (body armour unavailable)
rPois   .            l - +2 hat
rElec   .            h - +0 cloak
rCorr   .            D - melded +2 pair of gloves
SInv    .            g - +0 pair of boots
Will    +....        (no amulet)
Stlth   +++          P - +4 ring of slaying
HPRegen 0.36/turn    e - ring of protection from cold
MPRegen 0.22/turn

%: clarity
@: blade hands, wereblooded (expiring)
A: reduced essence, breathe fire, AC +8, unfitting armour, fire resistance 1,
cold-blooded, horns 1, clarity, subdued magic 1
a: Breathe Fire, End Transformation, Renounce Religion, Recall Ancestor,
Ancestor Identity, Transference, Idealise


You were on level 12 of the Dungeon.
You worshipped Hepliaklqana.
Hepliaklqana was extremely pleased with you.
You had blades for hands.
You visited 3 branches of the dungeon, and saw 18 of its levels.
You also visited: Ossuary and Ice Cave.

You collected 1354 gold pieces.
You spent 100 gold pieces at shops.

Inventory:

Hand Weapons
 O - the +8 trident of the Blessed Realm {chaos, rN+}
   (You found it in an ice cave)

   rN:        It protects you from negative energy.
Missiles
 i - 6 atropa-tipped darts
 j - 72 poisoned darts
 k - 5 curare-tipped darts (quivered)
Armour
 g - a +0 pair of boots (worn)
 h - a +0 cloak (worn)
 l - a +2 hat (worn)
 D - a +2 pair of gloves (melded)
Jewellery
 c - a ring of positive energy
 e - a ring of protection from cold (right blade hand)
 A - a ring of wizardry
 C - a +4 ring of protection
 G - a ring of see invisible
 M - a ring of flight
 N - a ring of ice
 P - a +4 ring of slaying (left blade hand)
Wands
 y - a wand of acid (16)
 z - a wand of mindburst (6)
 B - a wand of polymorph (21)
 E - a wand of iceblast (7)
 Q - a wand of digging (13)
 S - a wand of flame (7)
Scrolls
 n - 4 scrolls of amnesia
 o - 3 scrolls of teleportation
 p - 6 scrolls of fog
 t - 2 scrolls of blinking
 w - a scroll of enchant armour
 x - 2 scrolls of magic mapping
 F - 2 scrolls of vulnerability
 H - 4 scrolls of fear
Potions
 a - a potion of lignification
 b - 6 potions of heal wounds
 d - 4 potions of haste
 m - 16 potions of curing
 q - 3 potions of resistance
 r - a potion of flight {unknown}
 u - 2 potions of brilliance
 v - 3 potions of cancellation
 I - a potion of attraction {unknown}
 J - 2 potions of might
 L - a potion of ambrosia {unknown}
 R - 2 potions of magic
 T - a potion of berserk rage {unknown}
Miscellaneous
 f - a lightning rod (4/4)
 s - a phantom mirror (inert)
 K - a box of beasts


   Skills:
 + Level 5.0 Fighting
 + Level 7.5 Dodging
 + Level 4.4 Stealth
 + Level 14.5 Unarmed Combat
 + Level 13.0 Spellcasting
 + Level 13.7 Transmutations
 - Level 1.1 Poison Magic
 - Level 5.0 Invocations
 + Level 2.4 Evocations


You had 28 spell levels left.
You knew the following spells:

 Your Spells              Type           Power      Damage    Failure   Level
a - Beastly Appendage     Tmut           78%        N/A       3%          1
b - Wereblood             Tmut           39%        N/A       4%          2
c - Spider Form           Tmut/Pois      24%        N/A       13%         3
d - Blade Hands           Tmut           19%        N/A       11%         5

Your spell library contained the following spells:

 Spells                   Type           Power      Damage    Failure   Level
 Passwall                 Tmut/Erth      19%        N/A       11%         2
 Ice Form                 Ice/Tmut       23%        N/A       26%         4
 Shock                    Conj/Air       28%        1d4       34%         1
 Ensorcelled Hibernation  Hex/Ice        14%        N/A       43%         2
 Yara's Violent Unravell  Hex/Tmut       11%        3d6       45%         5
 Frozen Ramparts          Ice            14%        1d3       61%         3
 Portal Projectile        Hex/Tloc       14%        N/A       61%         3
 Stone Arrow              Conj/Erth      14%        3d7       61%         3
 Swiftness                Air            7%         N/A       61%         3
 Tukima's Dance           Hex            7%         N/A       61%         3
 Airstrike                Air            3%         2d(1-17)  88%         4
 Anguish                  Hex/Necr       3%         N/A       88%         4
 Passage of Golubria      Tloc           7%         N/A       88%         4
 Summon Ice Beast         Ice/Summ       7%         N/A       88%         4
 Lehudib's Crystal Spear  Conj/Erth      3%         10d3      100%        8
 Animate Armour           Summ/Erth      Unusable   N/A       N/A         4

Dungeon Overview and Level Annotations

Branches:
Dungeon (12/15)            Temple (1/1) D:6            Lair (5/5) D:8
  Swamp (0/4) Lair:2       Spider (0/4) Lair:3        Slime (0/5) Lair:5
    Orc (0/2) D:12        Ossuary (visited)           IceCv (visited)

Altars:
Ashenzari
Cheibriados
Elyvilon
Hepliaklqana
Makhleb
Nemelex Xobeh
Sif Muna

Shops:
D:4 *[   D:6 :

Annotations:
D:8 2 transporters, Craxx's ghost, novice TrFi
D:10 2 transporters, SirLogeyBear's ghost, journeyman HOBe
D:12 3 runed translucent doors, bairyn's ghost, journeyman SpEE
Lair:1 1 runed translucent door, 2 transporters, tmcgee265's ghost, journeyman FoEE
Lair:3 3 runed translucent doors, Waaq's ghost, journeyman GrBe


Innate Abilities, Weirdness & Mutations

You have blades for hands.
Your spellcasting is less reliable in this form.
You are incapable of wielding weapons or throwing items.
Your life essence is reduced to manifest your ancestor. (-10% HP)
You can breathe blasts of fire.
Your fiery red scales are hard. (AC +8)
You cannot fit into any form of body armour.
Your flesh is heat resistant. (rF+)
You are cold-blooded and may be slowed by cold attacks.
You have a pair of small horns on your head.
You possess an exceptional clarity of mind.
Your spells are a little easier to cast, but a little less powerful.


Message History

You kill the gnoll!
Two slime creatures merge to form a large slime creature.
The gnoll barely misses you.
Two slime creatures merge to form a very large slime creature.
You shred the slime creature!!!
The slime creature is severely wounded.
Your hands revert to their normal proportions.
Your +2 pair of gloves unmelds from your body.
Arif hits the gnoll with a +0 flail!
You completely miss the slime creature.
The slime creature is severely wounded.
The gnoll hits you but does no damage. The slime creature barely misses you.
Casting: Wereblood (safe; 1% risk of failure)
Confirm with . or Enter, or press ? or * to list all spells.
Your hands turn into razor-sharp scythe blades.
Your +2 pair of gloves melds into your body.
You howl as the wereblood boils in your veins!
Arif hits the gnoll with a +0 flail!
The gnoll dies!
The slime creature barely misses you.
You slice the slime creature!!
You feel a bit better.
You kill the slime creature!
Your primal bloodlust is almost over.
You shred the very large slime creature!!!
You headbutt the very large slime creature!
The very large slime creature is moderately wounded.
Arif hits the gnoll with a +0 flail.
The very large slime creature hits you!!!
Ouch! That really hurt!
* * * LOW HITPOINT WARNING * * *
You slice the very large slime creature!!
The very large slime creature is moderately wounded.
You howl as the wereblood boils in your veins!
You slash the very large slime creature!
You headbutt the very large slime creature!
The very large slime creature is heavily wounded.
Arif completely misses the gnoll.
The very large slime creature hits you!!!
Ouch! That really hurt!
You die...

.....J.....................#
...........................#
##########.###############.#
######.....^..... .#
.................. ..#
........)R######## #.#
#########g# #.# #J# #.#
#@#############.#
################...............#
.........).....................#
######..###############.####...#
#...## ### ###.# ###.# ##
#....###.##### #.R.## #.#
.#####..##..#.##..####.#..# #.#
##.⌠.##.###.........##..#.####.#
#.#.#.##.###.#.#.##...###.##...#


You could see the friendly Arif the knight, a very large slime creature (ally
target) and a gnoll.

Vanquished Creatures
  6 hydras
  A centaur warrior (D:9)
  3 anacondas (Lair:2)
  4 death yaks
  2 two-headed ogres
  A fire crab (Lair:2)
  A cyclops (D:11)
  2 manticores
  3 ugly things
  18 elephants
  2 ice statues (IceCv)
  7 black mambas
  A demonic crawler (Lair:3)
  An unseen horror (D:11)
  13 cane toads
  A kobold demonologist (D:11)
  8 rime drakes
  13 komodo dragons
  A troll (D:6)
  A polar bear (Lair:2)
  3 hornets (Lair:5)
  8 blink frogs
  8 dream sheep
  5 slime creatures (D:12)
  A wraith (D:11)
  3 shadows (D:12)
  38 yaks
  10 spriggans (Lair:5)
  10 wyverns
  10 basilisks
  7 vampire mosquitoes
  A steam dragon (D:9)
  2 swamp worms (Lair:2)
  4 acid dragons
  7 water moccasins
  2 sky beasts (D:6)
  8 black bears
  5 orc warriors
  3 ice beasts (D:6)
  2 ogres (D:7)
  16 wolves
  4 boggarts (Lair:5)
  A phantom (D:5)
  3 centaurs
  12 kobold brigands
  6 bullfrogs
  Blork the orc (D:5)
  7 scorpions
  A gnoll sergeant (D:12)
  A cane toad simulacrum (IceCv)
  9 wights
  2 troll zombies (D:12)
  2 killer bees (D:9)
  7 howler monkeys
  2 jellies
  A lava snake (Lair:3)
  2 hounds
  11 orc priests
  Terence (D:2)
  2 gnoll boudas
  6 iguanas
  Ijyb (D:4)
  4 hell rats (Lair:5)
  3 sleepcaps
  Natasha (thrice) (D:2)
  9 orc wizards
  2 polar bear simulacra
  A wolf simulacrum (Lair:1)
  4 ogre zombies (D:12)
  A hound zombie (Ossuary)
  4 mummies (Ossuary)
  Robin (D:4)
  7 adders
  14 gnolls
  A shadow imp (D:8)
  A white imp (D:8)
  An ufetubus (D:5)
  4 worms
  6 dart slugs
  27 orcs
  2 bats
  4 endoplasms
  A giant cockroach (D:2)
  3 gnoll zombies (Ossuary)
  17 goblins
  11 hobgoblins
  5 quokkas
  4 ball pythons
  A frilled lizard (D:3)
  A goblin skeleton (D:12)
  2 goblin zombies
  A hobgoblin skeleton (D:12)
  2 hobgoblin zombies (Ossuary)
  29 kobolds
  2 orc skeletons (D:12)
  9 orc zombies
  2 rats
  A rat zombie (D:6)
514 creatures vanquished.

Vanquished Creatures (collateral kills)
  A boulder beetle (Lair:4)
  3 death yaks
  A lindwurm (Lair:4)
  An ugly thing (D:9)
  5 cane toads
  3 rime drakes
  A blink frog (Lair:4)
  4 hornets
  4 dream sheep (Lair:4)
  2 spriggans (Lair:5)
  A vampire (D:10)
  3 yaks
  A steam dragon (D:9)
  A water moccasin (Lair:2)
  2 black bears
  5 wolves
  3 bullfrogs
  A scorpion (Lair:1)
  An elephant simulacrum (IceCv)
  An electric eel (Lair:5)
  A gnoll (D:12)
  An orc (D:11)
  A giant cockroach (Lair:3)
  7 kobolds
  An orc skeleton (D:12)
  6 orc zombies (D:12)
61 creatures vanquished.

Vanquished Creatures (others)
  6 knights
  An orc wizard (D:4)
  2 ancestors (D:8)
  A fire vortex (Lair:3)
10 creatures vanquished.

Grand Total: 585 creatures vanquished

Notes
Turn   | Place    | Note
-------+----------+-------------------------------------------
     0 | D:1      | caec the Draconian Transmuter began the quest for the Orb.
     0 | D:1      | Reached XP level 1. HP: 16/16 MP: 3/3
   233 | D:1      | Reached XP level 2. HP: 17/23 MP: 3/5
   236 | D:1      | Learned a level 2 spell: Wereblood
   972 | D:1      | Reached XP level 3. HP: 25/29 MP: 4/6
  1262 | D:2      | Noticed Natasha
  1273 | D:2      | Killed Natasha
  1475 | D:2      | Noticed Natasha
  1484 | D:2      | Killed Natasha
  1485 | D:2      | Reached XP level 4. HP: 35/36 MP: 3/7
  1528 | D:2      | Noticed Natasha
  1539 | D:2      | Killed Natasha
  1731 | D:2      | Noticed Terence
  1743 | D:2      | Killed Terence
  1744 | D:2      | Reached XP level 5. HP: 42/42 MP: 4/9
  1933 | D:2      | Found a faded altar of an unknown god.
  3317 | D:4      | Found Jejyiv's Antique Armour Boutique.
  3336 | D:4      | Found Lorit's Assorted Antiques.
  3342 | D:4      | Noticed Ijyb
  3528 | D:4      | Reached skill level 4 in Unarmed Combat
  3713 | D:4      | You fall into a shaft and drop 3 floors!
  3820 | D:6      | Reached XP level 6. HP: 46/50 MP: 6/10
  3827 | D:6      | Found Nil Qumu's Tremendous Tomes.
  3898 | D:6      | Found a sand-covered staircase.
  3918 | Ossuary  | Entered an ossuary
  4042 | Ossuary  | Learned a level 3 spell: Spider Form
  4151 | D:6      | Noticed a sky beast
  4157 | D:5      | Entered Level 5 of the Dungeon
  4591 | D:4      | Bought a scroll of identify for 50 gold pieces
  4591 | D:4      | Bought a scroll of identify for 50 gold pieces
  4593 | D:4      | Gained mutation: You have a pair of small horns on your
                  | head. [potion of mutation]
  4618 | D:4      | Noticed Robin
  4626 | D:4      | Your scales start taking on a fiery red colour.
  4626 | D:4      | Reached XP level 7. HP: 54/56 MP: 8/12
  4626 | D:4      | Gained mutation: Your flesh is heat resistant. (rF+) [Red
                  | Draconian growth]
  4630 | D:4      | Killed Robin
  4698 | D:4      | Killed Ijyb
  5346 | D:5      | Reached skill level 5 in Unarmed Combat
  5681 | D:5      | Noticed Blork the orc
  5694 | D:5      | Killed Blork the orc
  5743 | D:5      | Identified the +5 helmet of Leaves {Drain Will+++ Int+6}
  5957 | D:5      | Reached skill level 1 in Poison Magic
  6034 | D:6      | Reached skill level 5 in Transmutations
  6034 | D:6      | Reached XP level 8. HP: 55/62 MP: 8/14
  6194 | D:6      | Found a staircase to the Ecumenical Temple.
  6200 | Temple   | Entered the Ecumenical Temple
  6206 | Temple   | Became a worshipper of Hepliaklqana the Forgotten
  6363 | D:6      | Noticed a troll
  6480 | D:6      | Killed a troll
  6481 | D:6      | Reached skill level 6 in Unarmed Combat
  6743 | D:6      | Reached skill level 5 in Spellcasting
  7438 | D:6      | Reached skill level 1 in Stealth
  7438 | D:6      | Reached XP level 9. HP: 29/70 MP: 14/16
  7443 | D:6      | Reached skill level 7 in Unarmed Combat
  7606 | D:7      | Learned a level 5 spell: Blade Hands
  8422 | D:7      | Reached * piety under Hepliaklqana
  9064 | D:8      | Reached skill level 8 in Unarmed Combat
  9118 | D:8      | Found a staircase to the Lair.
  9119 | D:8      | Noticed a komodo dragon
  9140 | D:8      | Killed a komodo dragon
  9448 | D:8      | Noticed Craxx's ghost (novice TrFi)
  9449 | D:8      | Found a transporter.
  9457 | D:8      | Found a transporter.
  9474 | D:8      | Noticed a moth of wrath
  9694 | D:9      | Reached ** piety under Hepliaklqana
  9695 | D:9      | Remembered your ancestor Arif as a knight
  9710 | D:9      | Noticed a two-headed ogre
  9719 | D:9      | Killed a two-headed ogre
  9720 | D:9      | Reached XP level 10. HP: 46/69 MP: 12/19
 10073 | D:9      | Noticed a centaur warrior
 10084 | D:9      | Killed a centaur warrior
 10250 | D:9      | Found a snail-covered altar of Cheibriados.
 10254 | D:9      | Found a white marble altar of Elyvilon.
 10311 | D:9      | Reached skill level 5 in Dodging
 10447 | D:9      | Reached skill level 9 in Unarmed Combat
 10774 | D:10     | Entered Level 10 of the Dungeon
 10786 | D:10     | Noticed a purple ugly thing
 10903 | D:10     | Found a transporter.
 10994 | D:10     | Found a transporter.
 10996 | D:10     | Noticed SirLogeyBear's ghost (journeyman HOBe)
 11390 | D:10     | Killed a purple ugly thing
 11604 | D:9      | Noticed a brown ugly thing
 11617 | D:9      | Killed a brown ugly thing
 11688 | D:9      | Reached XP level 11. HP: 64/73 MP: 17/22
 11730 | D:9      | Reached skill level 10 in Unarmed Combat
 12605 | D:11     | Reached *** piety under Hepliaklqana
 13318 | Lair:1   | Entered Level 1 of the Lair of Beasts
 13451 | Lair:1   | Found a runed translucent door.
 13452 | Lair:1   | Noticed tmcgee265's ghost (journeyman FoEE)
 13468 | Lair:1   | Reached skill level 10 in Transmutations
 13553 | Lair:1   | Lost mutation: You have a pair of small horns on your head.
                  | [potion of mutation]
 13553 | Lair:1   | Gained mutation: Your spells are a little easier to cast,
                  | but a little less powerful. [potion of mutation]
 13553 | Lair:1   | Gained mutation: You possess an exceptional clarity of
                  | mind. [potion of mutation]
 13553 | Lair:1   | Gained mutation: You have a pair of small horns on your
                  | head. [potion of mutation]
 13611 | Lair:1   | Reached skill level 11 in Unarmed Combat
 13679 | Lair:1   | Found a transporter.
 13681 | Lair:1   | Noticed a swamp dragon
 13790 | Lair:1   | Found a frozen archway.
 13804 | IceCv    | Entered an ice cave
 13804 | IceCv    | Noticed a white ugly thing
 13816 | IceCv    | Killed a white ugly thing
 13836 | IceCv    | Found a transporter.
 13840 | IceCv    | Noticed a white ugly thing
 13841 | IceCv    | Identified the +8 trident of the Blessed Realm {chaos, rN+}
 13844 | IceCv    | Found a transporter.
 13919 | IceCv    | Killed a white ugly thing
 13920 | IceCv    | Reached XP level 12. HP: 65/81 MP: 21/25
 14353 | Lair:1   | Found a transporter.
 15082 | Lair:2   | Reached **** piety under Hepliaklqana
 15310 | Lair:2   | Reached skill level 10 in Spellcasting
 15432 | Lair:2   | Reached skill level 12 in Unarmed Combat
 15569 | Lair:2   | Identified the +0 ring mail of Okonicw {Dex+3}
 15630 | Lair:2   | Noticed a five-headed hydra
 15642 | Lair:2   | Killed a five-headed hydra
 15643 | Lair:2   | Reached skill level 1 in Evocations
 15773 | Lair:2   | Noticed a seven-headed hydra
 15778 | Lair:2   | Killed a seven-headed hydra
 15858 | Lair:2   | Found a staircase to the Swamp.
 16040 | Lair:2   | Noticed an anaconda
 16050 | Lair:2   | Killed an anaconda
 16053 | Lair:2   | Noticed a five-headed hydra
 16435 | Lair:2   | Killed a five-headed hydra
 16714 | Lair:2   | Noticed a death yak
 16739 | Lair:2   | Killed a death yak
 16750 | Lair:2   | Reached XP level 13. HP: 79/89 MP: 20/27
 17778 | Lair:3   | Found a runed translucent gate.
 17778 | Lair:3   | Found a runed translucent gate.
 17781 | Lair:3   | Found a runed translucent gate.
 17781 | Lair:3   | Noticed Waaq's ghost (journeyman GrBe)
 17803 | Lair:3   | Found a hole to the Spider Nest.
 19135 | Lair:3   | Reached skill level 1 in Invocations
 19689 | Lair:4   | Reached skill level 13 in Unarmed Combat
 21341 | Lair:5   | Entered Level 5 of the Lair of Beasts
 21385 | Lair:5   | Found a staircase to the Slime Pits.
 21406 | Lair:5   | Reached XP level 14. HP: 79/94 MP: 24/30
 21436 | Lair:5   | Reached ***** piety under Hepliaklqana
 21994 | Lair:5   | Reached skill level 5 in Invocations
 22173 | Lair:5   | Reached skill level 14 in Unarmed Combat
 22306 | Lair:5   | Paralysed by a hornet for 2 turns
 23003 | Lair:5   | Reached skill level 5 in Fighting
 24096 | D:12     | Found a runed translucent gate.
 24096 | D:12     | Found a runed translucent gate.
 24096 | D:12     | Found a runed translucent gate.
 24098 | D:12     | Noticed bairyn's ghost (journeyman SpEE)
 24260 | D:12     | Found a staircase to the Orcish Mines.
 24470 | D:12     | Demolished by a very large slime creature

Illustrated notes

Levels and vault maps discovered:
D:1:      dpeg_arrival_fog, layout_loops_corners, minmay_misc_feat_diagonals
D:2:      layout_loops_corners, shapermc_ecumenical_altar_petra, uniq_terence,
          uniq_natasha
D:3:      layout_loops_corners
D:4:      layout_basic, serial_shops, shop, minmay_misc_feat_alley,
          nicolae_stop_n_shop_1, chequers_avenue, minmay_misc_feat_tiny,
          uniq_robin, uniq_ijyb
D:5:      layout_basic, uniq_blork_the_orc
D:6:      minmay_clustersquares, layout_loops_ring, minmay_temple_entry_hall,
          enter_ossuary_3, nicolae_shop_i_like_big_books
D:7:      layout_gridville
D:8:      hellmonk_crumbling_castle, layout_gridville, david_lair_shrubbed,
          gammafunk_ghost_berserking_beasts
D:9:      layout_loops_cross, mainiacjoe_overflow_divided_tiny,
          evilmike_minifort
D:10:     layout_basic, gammafunk_ghost_stat_death, dreamdust_wishing_well
D:11:     layout_basic
D:12:     layout_long_grid, zombieorc1_lemuel, gammafunk_ghost_nasty_kobolds
Temple:   nicolae_temple_bog_church
Lair:1:   gammafunk_cloud_chamber, layout_gridlike,
          portal_ice_cave_entry_ice_simulacra, ebering_ghost_reflecting_pool,
          grunt_megastairs_2
Lair:2:   layout_regular_city, palyth_hydra_swamp_entry,
          nicolae_lair_lakeside_cave, serial_bayou_shore_b
Lair:3:   layout_gridlike, nicolae_spider_entry_non_spiders,
          gammafunk_ghost_hydra_chop, chequers_serial_rivers_large_b
Lair:4:   nzn_winding_woodlands_small [nzn_winding_woodlands_5x15_eye,
          nzn_winding_woodlands_center_lodge,
          nzn_winding_woodlands_5x15_sawtooth], layout_long_grid,
          lemuel_fruit_tree
Lair:5:   minmay_lair_end_enchanted_forest, layout_hall_layers, slime_entry_1,
          special_room [special_room_mythical_zoo], infiniplex_staircase_pool

Skill      XL: |  1  2  3  4  5  6  7  8  9 10 11 12 13 14 |
---------------+-------------------------------------------+-----
Dodging        | 2 3 4 5 6 7 |  7.5
Fighting       | 2 3 4 5 |  5.0
Transmutations | 3 4 5 6 8 9 10 11 12 13 | 13.7
Spellcasting   | 3 4 5 6 7 9 10 12 13 | 13.0
Unarmed Combat | 4 5 6 8 9 11 12 13 14 | 14.5
Poison Magic   | 1 |  1.1
Stealth        | 1 2 3 4 |  4.4
Evocations     | 1 2 |  2.4
Invocations    | 4 5 |  5.0

Action                     |  1- 3 |  4- 6 |  7- 9 | 10-12 | 13-15 || total
---------------------------+-------+-------+-------+-------+-------++-------
  Melee: Unarmed           |    65 |   194 |   361 |   344 |   400 ||  1364
         Kick              |    15 |    51 |    27 |       |       ||    93
         Headbutt          |    10 |    27 |    61 |    81 |   104 ||   283
         Tailslap          |     5 |    24 |    54 |    69 |    68 ||   220
         Punch             |     2 |     4 |    14 |    27 |    33 ||    80
  Throw: Dart              |     6 |     1 |    17 |    12 |     4 ||    40
   Cast: Beastly Appendage |    18 |    32 |    11 |       |       ||    61
         Wereblood         |     7 |    18 |    20 |    17 |    20 ||    82
         Spider Form       |       |     1 |     8 |       |       ||     9
         Blade Hands       |       |       |     8 |    57 |    71 ||   136
 Invoke: Ancestor Life: Kn |       |       |     1 |       |       ||     1
         Recall Ancestor   |       |       |       |     3 |     1 ||     4
         Transference      |       |       |       |       |     1 ||     1
         Idealise          |       |       |       |       |     1 ||     1
Ability: Breathe Fire      |       |       |     6 |     7 |     8 ||    21
  Evoke: Wand              |       |       |     6 |     8 |     7 ||    21
         Lightning rod     |       |       |       |       |     1 ||     1
         Phantom mirror    |       |       |       |       |     1 ||     1
    Use: Scroll            |     2 |    10 |     2 |     6 |    16 ||    36
         Potion            |       |     2 |     1 |     2 |     1 ||     6
   Stab: Sleeping          |       |       |       |     2 |     2 ||     4
         Distracted        |       |       |       |     4 |     1 ||     5
 Armour: Skin              |    11 |    60 |   135 |    95 |   117 ||   418
  Dodge: Dodged            |    22 |   112 |   235 |   213 |   227 ||   809
